 Dungeon Crawl Stone Soup version 0.22.0-6-g71bd7aa6b3 (webtiles) character file.

693 Rerark the Chopper (level 7, -3/59 HPs)
             Began as a Minotaur Gladiator on Aug 14, 2018.
             Was an Initiate of Ru.
             Shot with an arrow by a centaur (7 damage)
             ... on level 5 of the Dungeon.
             The game lasted 00:13:13 (3500 turns).

Rerark the Chopper (Minotaur Gladiator)             Turns: 3500, Time: 00:13:13

Health: -3/59      AC: 10    Str: 21    XL:     7   Next: 37%
Magic:  6/6        EV: 13    Int:  5    God:    Ru [......]
Gold:   280        SH:  0    Dex: 13    Spells: 6/6 levels left

rFire    . . .     SeeInvis .   a - +0 war axe
rCold    + . .     Gourm    .   (no shield)
rNeg     . . .     Faith    .   s - +5 ring mail of Soucvula {rC+}
rPois    .         Spirit   .   c - +0 hat
rElec    .         Reflect  .   (no cloak)
rCorr    .         Harm     .   (no gloves)
MR       .....                  (no boots)
Stlth    +.........             (no amulet)
HPRegen  0.19/turn              t - +2 ring of dexterity
MPRegen  0.10/turn              (no ring)

@: no status effects
A: retaliatory headbutt, horns 2
a: Sacrifice an Eye, Sacrifice Arcana, Sacrifice Love, Reject Sacrifices,
Renounce Religion


You were on level 5 of the Dungeon.
You worshipped Ru.
Ru was noncommittal.
You were not hungry.

You visited 1 branch of the dungeon, and saw 5 of its levels.

You collected 280 gold pieces.

Inventory:

Hand Weapons
 a - a +0 war axe (weapon)
Missiles
 d - 3 throwing nets (quivered)
Armour
 c - a +0 hat (worn)
 i - a +0 scale mail
 s - the +5 ring mail of Soucvula (worn) {rC+}
   (You found it on level 4 of the Dungeon)

   It protects you from cold.
Jewellery
 t - a +2 ring of dexterity (left hand)
Scrolls
 e - 5 scrolls of identify {unknown}
 j - 4 scrolls of remove curse {unknown}
 k - 2 scrolls of magic mapping {unknown}
 o - a scroll of noise {unknown}
 q - a scroll of teleportation {unknown}
Potions
 b - a potion of haste {unknown}
 g - 2 potions of curing {unknown}
 h - a potion of lignification {unknown}
 l - 2 potions of magic {unknown}
 m - a potion of heal wounds {unknown}
 n - a potion of cancellation {unknown}
 p - a potion of mutation {unknown}
 r - a potion of invisibility {unknown}
Comestibles
 f - 11 rations


   Skills:
 + Level 4.1 Fighting
 + Level 7.7 Axes
 + Level 2.1 Throwing
 + Level 4.2 Armour
 + Level 4.5 Dodging
 + Level 0.5 Stealth


You had 6 spell levels left.
You didn't know any spells.
Your spell library contained the following spells:

 Spells                   Type           Power        Failure   Level  Hunger
 Mephitic Cloud           Conj/Pois/Air  #.......     95%         3    ####...
 Venom Bolt               Conj/Pois      #.........   100%        5    ######.
 Olgreb's Toxic Radiance  Pois           #.......     100%        4    #####..
 Sting                    Conj/Pois      #...         65%         1    ##.....
 Poisonous Vapours        Pois/Air       #.....       78%         2    ###....


Dungeon Overview and Level Annotations

Branches:
Dungeon (5/15)
 Temple: D:4-7

Altars:
Gozag
Makhleb
Nemelex Xobeh
Ru
Uskayaw


Innate Abilities, Weirdness & Mutations

You reflexively headbutt those who attack you in melee.
You have a pair of horns on your head.


Message History

The centaur shoots an arrow.
The arrow barely misses you.
The centaur shoots an arrow.
The arrow hits you.
You see here an arrow.
The centaur shoots an arrow.
The arrow hits you but does no damage.
You see here an arrow.
The centaur shoots an arrow.
The arrow hits you.
* * * LOW HITPOINT WARNING * * *
You see here an arrow.
The centaur shoots an arrow.
The arrow hits you but does no damage.
The centaur shoots an arrow.
The arrow hits you!
* * * LOW HITPOINT WARNING * * *
You see here 2 arrows.
The centaur is too close now for your liking.
You hear the slow hiss of an avalanche of sand.
The centaur shoots an arrow.
The arrow hits you.
* * * LOW HITPOINT WARNING * * *
The centaur shoots an arrow.
The arrow misses you.
You see here 2 arrows.
The centaur shoots an arrow.
The arrow hits you!
You die...

.................#.#####o.......#
#......###.......(.# #......... .
##.....)....(((#.+ +o........
.##...........####.# #.........
......#####....###.## #oo.......
..............c....... ...(......
....#.###........#.......[.......
..#.#.##........###.......[.....#
..#....#.......(@>.#.....#.....##
..###..........###.#### .# #.
#.#.##............##.###### #.
.....#######........#......#
#.#.#.### #................
....#.# ##.......(....... ... ..#
#..)............ ###....
#............... #....
#...............


You could see a centaur.

Vanquished Creatures
  The ghost of phizon the Shooter, an amateur CeHu of Yredelemnul (D:4)
  3 quasits (D:4)
  A hound (D:4)
  4 orc wizards
  A bullfrog skeleton (D:5)
  An iguana (D:2)
  A worker ant zombie (D:5)
  6 adders
  A shadow imp (D:5)
  3 oozes
  2 adder skeletons
  2 worms (D:2)
  2 dart slugs (D:3)
  8 leopard geckos
  7 orcs
  9 giant cockroaches
  7 goblins
  4 hobgoblins
  8 jackals
  A ball python (D:2)
  7 bats
  3 frilled lizards
  7 kobolds
  12 rats
101 creatures vanquished.

Notes
Turn   | Place    | Note
-------+----------+-------------------------------------------
     0 | D:1      | Rerark the Minotaur Gladiator began the quest for the Orb.
     0 | D:1      | Reached XP level 1. HP: 18/18 MP: 0/0
   240 | D:1      | Reached XP level 2. HP: 25/25 MP: 1/1
   287 | D:1      | Reached skill level 4 in Axes
   347 | D:1      | Reached skill level 1 in Armour
   358 | D:1      | Reached XP level 3. HP: 30/30 MP: 2/2
   938 | D:2      | Reached XP level 4. HP: 38/38 MP: 3/3
   992 | D:2      | Found a faded altar of an unknown god.
  1052 | D:2      | Became a worshipper of Uskayaw the Reveler
  1052 | D:2      | Reached * piety under Uskayaw
  1134 | D:2      | Reached skill level 5 in Axes
  1135 | D:2      | Reached ** piety under Uskayaw
  1398 | D:3      | Reached *** piety under Uskayaw
  1400 | D:3      | Reached XP level 5. HP: 36/45 MP: 4/4
  1400 | D:3      | Reached **** piety under Uskayaw
  1429 | D:3      | Found a sacrificial altar of Ru.
  1439 | D:3      | Fell from the grace of Uskayaw
  1439 | D:3      | Became a worshipper of Ru the Awakened
  1755 | D:3      | Found a burning altar of Makhleb.
  1838 | D:3      | Reached skill level 6 in Axes
  1922 | D:3      | Noticed a dagger
  1923 | D:3      | Found a hide-covered altar of Uskayaw.
  1924 | D:3      | Noticed a hand axe
  2400 | D:4      | Noticed phizon's ghost (amateur CeHu)
  2407 | D:4      | Found a transporter.
  2482 | D:4      | Got a spiked ring mail
  2493 | D:4      | Identified the +5 ring mail of Soucvula {rC+} (You found it on level 4 of the Dungeon)
  2583 | D:4      | Found a transporter.
  2614 | D:4      | Found a sparkling altar of Nemelex Xobeh.
  2623 | D:4      | Reached XP level 6. HP: 45/51 MP: 5/5
  2716 | D:4      | Found an opulent altar of Gozag.
  2738 | D:4      | Paralysed by the fury of Uskayaw for 7 turns
  3095 | D:4      | Killed phizon's ghost
  3095 | D:4      | Reached skill level 7 in Axes
  3095 | D:4      | Reached XP level 7. HP: 17/59 MP: 6/6
  3384 | D:4      | Paralysed by the fury of Uskayaw for 7 turns
  3400 | D:5      | Entered Level 5 of the Dungeon
  3478 | D:5      | Found the +4 robe of Augmentation {Str+4 Int+4 Dex+4}
  3500 | D:5      | Shot with an arrow by a centaur

Skill      XL: |  1  2  3  4  5  6 |
---------------+-------------------+-----
Axes           | 4 5 6 7 |  7.7
Armour         | 1 2 3 4 |  4.2
Fighting       | 3 4 |  4.1
Dodging        | 4 |  4.5
Throwing       | |  2.1
Stealth        | |  0.5

Action                   |  1- 3 |  4- 6 |  7- 9 || total
-------------------------+-------+-------+-------++-------
Melee: War axe           |    69 |   153 |     9 ||   231
       Headbutt          |     5 |    19 |       ||    24
 Stab: Paralysed         |       |     1 |       ||     1
  Eat: Chunk             |       |     3 |       ||     3
       Ration            |       |     1 |     1 ||     2
Armor: Leather armour    |    14 |       |       ||    14
       Scale mail        |    24 |    55 |       ||    79
       Ring mail         |       |    63 |     7 ||    70
Dodge: Dodged            |    57 |   153 |    12 ||   222
